 Dungeon Crawl Stone Soup version 0.30-a0-883-g5ad918d77d (webtiles) character file.

Game seed: 18410259075151866621

98 Rocko1345 the Ducker (level 4, -2/41 HPs)
             Began as a Gnoll Monk on Mar 15, 2023.
             Killed by divine providence
             ... invoked by an orc priest
              (13 damage)
             ... on level 3 of the Dungeon.
             The game lasted 00:04:39 (1884 turns).

Rocko1345 the Ducker (Gnoll Monk)                   Turns: 1884, Time: 00:04:41

Health: -2/41      AC:  4    Str: 12    XL:     4   Next: 71%
Magic:  5/5        EV: 11    Int: 10    God:
Gold:   66         SH:  0    Dex: 14    Spells: 5/5 levels left

rFire   . . .      SeeInvis .    f - +3 short sword (holy)
rCold   . . .      Faith    .    (no shield)
rNeg    . . .      Spirit   .    k - +1 leather armour
rPois   .          Reflect  .    (no helmet)
rElec   .          Rampage  .    (no cloak)
rCorr   .                        (no gloves)
Will    .....                    (no boots)
Stlth   ++                       (no amulet)
HPRegen 0.26/turn                (no ring)
MPRegen 0.09/turn                (no ring)

@: constricted
A: fangs 1, strong nose, distributed training
a: no special abilities


You were on level 3 of the Dungeon.
You visited 1 branch of the dungeon, and saw 3 of its levels.

You collected 66 gold pieces.

Inventory:

Hand Weapons
 a - a +0 hand axe
 f - a +3 short sword of holy wrath (weapon)
Armour
 b - a +0 robe
 k - a +1 leather armour (worn)
Jewellery
 h - a ring of willpower
Wands
 l - a wand of quicksilver (7)
Scrolls
 d - 2 scrolls of enchant armour
 e - a scroll of enchant weapon
 j - a scroll of fear
 m - a scroll of fog
 o - a scroll of vulnerability
 p - a scroll of teleportation {unknown}
Potions
 c - 2 potions of ambrosia
 g - a potion of resistance
 i - a potion of curing
 n - a potion of brilliance


   Skills:
 + Level 6.6 Fighting
 + Level 1.2 Short Blades
 + Level 1.2 Long Blades
 + Level 6.6 Axes
 + Level 1.2 Maces & Flails
 + Level 1.2 Polearms
 + Level 1.2 Staves
 + Level 1.2 Ranged Weapons
 + Level 1.2 Throwing
 + Level 1.2 Armour
 + Level 6.6 Dodging
 + Level 4.3 Stealth
 + Level 1.2 Shields
 + Level 1.2 Unarmed Combat
 + Level 1.2 Spellcasting
 + Level 1.0 Conjurations
 + Level 1.0 Hexes
 + Level 1.0 Summonings
 + Level 1.0 Necromancy
 + Level 1.0 Translocations
 + Level 1.0 Transmutations
 + Level 1.0 Fire Magic
 + Level 1.0 Ice Magic
 + Level 1.0 Air Magic
 + Level 1.0 Earth Magic
 + Level 1.0 Poison Magic
 + Level 1.4 Invocations
 + Level 1.2 Evocations


You had 5 spell levels left.
You didn't know any spells.
Your spell library contained the following spells:

 Spells                   Type           Power      Damage    Failure   Level
 Sting                    Tmut/Pois      8%         1d3       28%         1
 Poisonous Vapours        Pois/Air       4%         N/A       38%         2
 Olgreb's Toxic Radiance  Pois           2%         N/A       95%         4


Dungeon Overview and Level Annotations

Branches:
Dungeon (3/15)

Altars:


Innate Abilities, Weirdness & Mutations

You have very sharp teeth.
Your uncanny sense of smell can sniff out nearby items.
Your experience applies equally to all skills.


Message History

The ball python bites you but does no damage.
The ball python barely misses you. The orc barely misses you.
The orc priest barely misses you. The ball python closely misses you. x2
You puncture the orc priest!
The orc priest is heavily wounded.
An orc priest comes into view. It is wielding a +2 mace of holy wrath.
The orc closely misses you.
The orc priest looks braver for a moment.
The ball python barely misses you. The ball python completely misses you.
The orc priest shouts!
You hit the orc priest. You bite the orc priest.
The orc priest is severely wounded.
The ball python misses you. The ball python closely misses you.
The orc misses you.
The orc priest hits you with a +0 hand axe.
You puncture the orc priest!
You kill the orc priest!
The ball python closely misses you. The ball python grabs you.
The ball python constricts you. The orc hits you with a +0 war axe!
Your Conjurations skill increases to level 1!
Your Hexes skill increases to level 1!
Your Summonings skill increases to level 1!
Your Necromancy skill increases to level 1!
Your Translocations skill increases to level 1!
Your Transmutations skill increases to level 1!
Your Fire Magic skill increases to level 1!
Your Ice Magic skill increases to level 1!
Your Air Magic skill increases to level 1!
Your Earth Magic skill increases to level 1!
Your Poison Magic skill increases to level 1!
You barely miss the orc. The ball python barely misses you.
The ball python constricts you. The orc hits you with a +0 morningstar.
The orc completely misses you.
You hit the orc but do no damage. Your bite misses the orc.
The ball python bites you. The ball python constricts you.
The orc hits you with a +0 war axe! The orc hits you with a +0 morningstar.
* * * LOW HITPOINT WARNING * * *
The orc priest invokes the aid of Beogh against you.
Beogh smites you!
You die...

#...........#
#...........#
#...........#
#....#####..#
#..<.# #..# #....#
#..# #....#
o#..###### #.o..#
..#........
#@####...###......
#Sooo..8...+......
#####.....########
#...## #.## .# #


You could see an orc priest, 3 orcs and a ball python.

Vanquished Creatures
  An orc priest (D:3)
  An adder (D:2)
  A worm (D:2)
  A dart slug (D:1)
  3 endoplasms
  2 giant cockroaches
  4 goblins
  4 hobgoblins
  8 jackals (D:2)
  7 kobolds
  2 quokkas (D:1)
  3 ball pythons
  6 bats
  A frilled lizard (D:2)
  2 rats
46 creatures vanquished.

Notes
Turn   | Place    | Note
-------+----------+-------------------------------------------
     0 | D:1      | Rocko1345 the Gnoll Monk began the quest for the Orb.
     0 | D:1      | Reached XP level 1. HP: 23/23 MP: 1/1
   145 | D:1      | Reached XP level 2. HP: 27/29 MP: 2/2
   818 | D:1      | Reached XP level 3. HP: 35/35 MP: 3/3
  1055 | D:2      | Reached skill level 1 in Invocations
  1368 | D:2      | Reached skill level 1 in Short Blades
  1368 | D:2      | Reached skill level 1 in Long Blades
  1368 | D:2      | Reached skill level 1 in Maces & Flails
  1368 | D:2      | Reached skill level 1 in Polearms
  1368 | D:2      | Reached skill level 1 in Staves
  1368 | D:2      | Reached skill level 1 in Ranged Weapons
  1368 | D:2      | Reached skill level 1 in Throwing
  1368 | D:2      | Reached skill level 1 in Armour
  1368 | D:2      | Reached skill level 1 in Shields
  1368 | D:2      | Reached skill level 1 in Unarmed Combat
  1368 | D:2      | Reached skill level 1 in Spellcasting
  1368 | D:2      | Reached skill level 1 in Evocations
  1415 | D:2      | Reached XP level 4. HP: 36/41 MP: 5/5
  1883 | D:3      | Reached skill level 1 in Conjurations
  1883 | D:3      | Reached skill level 1 in Hexes
  1883 | D:3      | Reached skill level 1 in Summonings
  1883 | D:3      | Reached skill level 1 in Necromancy
  1883 | D:3      | Reached skill level 1 in Translocations
  1883 | D:3      | Reached skill level 1 in Transmutations
  1883 | D:3      | Reached skill level 1 in Fire Magic
  1883 | D:3      | Reached skill level 1 in Ice Magic
  1883 | D:3      | Reached skill level 1 in Air Magic
  1883 | D:3      | Reached skill level 1 in Earth Magic
  1883 | D:3      | Reached skill level 1 in Poison Magic
  1884 | D:3      | Killed from afar by an orc priest

Illustrated notes

Levels and vault maps discovered:
D:1:      dpeg_arrival_shelter, layout_loops_corners, minmay_tripent
D:2:      layout_basic, serial_curves, eino_curves_04, eino_curves_01,
          minmay_tromino_v7
D:3:      layout_basic, serial_shops, shop, grunt_ministairs_14, moated_statue,
          st_stairs_4, hangedman_decor_diamond_cutter, uniq_sigmund,
          uniq_natasha

Skill      XL: |  1  2  3  4 |
---------------+-------------+-----
Invocations    | 1 |  1.4
Short Blades   | 1 |  1.2
Long Blades    | 1 |  1.2
Maces & Flails | 1 |  1.2
Polearms       | 1 |  1.2
Staves         | 1 |  1.2
Ranged Weapons | 1 |  1.2
Throwing       | 1 |  1.2
Armour         | 1 |  1.2
Shields        | 1 |  1.2
Unarmed Combat | 1 |  1.2
Spellcasting   | 1 |  1.2
Evocations     | 1 |  1.2
Conjurations   | 1 |  1.0
Hexes          | 1 |  1.0
Summonings     | 1 |  1.0
Necromancy     | 1 |  1.0
Translocations | 1 |  1.0
Transmutations | 1 |  1.0
Fire Magic     | 1 |  1.0
Ice Magic      | 1 |  1.0
Air Magic      | 1 |  1.0
Earth Magic    | 1 |  1.0
Poison Magic   | 1 |  1.0
Fighting       | |  6.6
Axes           | |  6.6
Dodging        | |  6.6
Stealth        | |  4.3

Action                     |  1- 3 |  4- 6 || total
---------------------------+-------+-------++-------
  Melee: Hand axe          |     8 |       ||     8
         Short sword       |   106 |    34 ||   140
         Bite              |     7 |     5 ||    12
         Punch             |     1 |     1 ||     2
    Use: Scroll            |     6 |     4 ||    10
   Stab: Sleeping          |     6 |       ||     6
 Armour: Robe              |    11 |       ||    11
         Leather armour    |     9 |     3 ||    12
  Dodge: Dodged            |   102 |    37 ||   139

Table legend: (Time is in decaauts)
 A = Elapsed time spent in this place.
 B = Non-inter-level travel time spent in this place.
 C = Inter-level travel time spent in this place.
 D = Time resting spent in this place.
 E = Time spent auto-exploring this place.
 F = Levels seen in this place.
 G = Mean time per level.
                   A        B        C        D        E       F      G
               +--------+--------+--------+--------+--------+-----+--------+
         Total |   1877 |   1824 |     53 |    204 |   1150 |   3 |  625.7 |
       Dungeon |   1877 |   1824 |     53 |    204 |   1150 |   3 |  625.7 |
               +--------+--------+--------+--------+--------+-----+--------+

Top non-repeatable levels by time:
     D:1: 1030 daAuts
     D:2: 745 daAuts
     D:3: 101 daAuts
